 Dungeon Crawl Stone Soup version 0.24-a0-252-g5076262 (webtiles) character file.

Game seed: 3678268991698338423

906 Ijustatesigmund the Chopper (level 8, -5/52 HPs)
             Began as an Octopode Fighter on Apr 17, 2019.
             Was an Initiate of Cheibriados.
             Slain by a gnoll
             ... wielding a +0 halberd
              (9 damage)
             ... on level 5 of the Dungeon.
             The game lasted 00:07:51 (3693 turns).

Ijustatesigmund the Chopper (Octopode Fighter)      Turns: 3693, Time: 00:07:52

Health: -5/52      AC:  1    Str: 17    XL:     8   Next: 8%
Magic:  20/20      EV: 12    Int: 11    God:    Cheibriados [......]
Gold:   226        SH: 10    Dex: 14    Spells: 7/7 levels left

rFire    . . .     SeeInvis .   a - +2 war axe
rCold    . . .     Gourm    .   b - +1 shield
rNeg     . . .     Faith    .   (helmet restricted)
rPois    .         Spirit   .   (no amulet)
rElec    .         Reflect  .   j - ring of magical power
rCorr    .         Harm     .   (no ring)
MR       .....                  (no ring)
Stlth    ++........             (no ring)
HPRegen  0.17/turn              (no ring)
MPRegen  0.17/turn              (no ring)
                                (no ring)
                                (no ring)

@: lethally poisoned (-5 -> -15), very slightly contaminated, glowing, invisible
(but backlit and visible), very slow
A: almost no armour, stealthy swim, amphibious, 8 rings, constrict 8, camouflage
1, gelatinous body 1
a: Bend Time, Renounce Religion


You were on level 5 of the Dungeon.
You worshipped Cheibriados.
Cheibriados was noncommittal.
You were very hungry.

You visited 1 branch of the dungeon, and saw 5 of its levels.

You collected 226 gold pieces.

Inventory:

Hand Weapons
 a - a +2 war axe (weapon)
Armour
 b - a +1 shield (worn)
Jewellery
 j - a ring of magical power (left tentacle)
 n - an uncursed ring of ice
Wands
 f - a wand of acid (2)
Scrolls
 c - a scroll of identify
 e - 2 scrolls of teleportation
 o - a scroll of fear
 s - a scroll of blinking {unknown}
Potions
 i - a potion of berserk rage {unknown}
 k - a potion of brilliance {unknown}
 l - a potion of heal wounds {unknown}
 m - 2 potions of curing
 p - a potion of lignification {unknown}
 q - a potion of agility {unknown}
 r - a potion of resistance {unknown}
Comestibles
 d - 9 rations


   Skills:
 - Level 3.5 Fighting
 - Level 5.5 Axes
 - Level 3.5 Dodging
 + Level 4.3 Stealth
 - Level 3.5 Shields
 * Level 4.7 Invocations
 + Level 3.1 Evocations


You had 7 spell levels left.
You didn't know any spells.
Your spell library was empty.

Dungeon Overview and Level Annotations

Branches:
Dungeon (5/15)             Temple (0/1) D:5

Altars:
Cheibriados
Kikubaaqudgha
Okawaru


Innate Abilities, Weirdness & Mutations

You cannot wear most types of armour.
You are very stealthy in the water. (Stealth+)
You are amphibious.
You can wear up to eight rings at the same time.
You can use your tentacles to constrict eight enemies at once.
Your skin changes colour to match your surroundings (Stealth+).
Your rubbery body absorbs attacks. (AC +1, EV +1)


Message History

The gnoll shaman is heavily wounded.
You constrict the gnoll shaman.
You feel sick. The gnoll closely misses you. You block the gnoll's attack.
The gnoll hits you from afar with a +0 spear!
You block the gnoll's attack. You block the gnoll shaman's attack.
An iguana comes into view.
You block the gnoll's attack. The gnoll barely misses you.
The gnoll hits you from afar with a +0 spear!
* * * LOW HITPOINT WARNING * * *
The iguana hisses angrily.
You slash the gnoll shaman!
The gnoll shaman is almost dead.
You constrict the gnoll shaman, but do no damage.
* * * LOW HITPOINT WARNING * * *
You feel sick. You block the gnoll's attack. The gnoll misses you.
The gnoll shaman barely misses you.
The gnoll hits you from afar with a +0 spear!
* * * LOW HITPOINT WARNING * * *
The gnoll hits you from afar with a +0 halberd!
You die...

#.......#
#...l...#
#.......#
#.......#
#.......# ..
#.ggg...# ...
#.)....$#
...#####.@gg...#
#.............#
#......####+###
#......#
#......#
#......#.......
#......#.......
#......#.....#
#####'##.....#


You could see a gnoll shaman, an iguana and 4 gnolls.

Vanquished Creatures
  The ghost of Ijustatesigmund the Chopper, an amateur OpFi (D:5)
  A sky beast (D:5)
  A phantom (D:4)
  An ogre (D:4)
  2 hounds
  Crazy Yiuf (D:2)
  An iguana (D:4)
  2 bullfrog skeletons
  A worker ant (D:5)
  2 orc wizards (D:4)
  3 hound skeletons
  A gnoll (D:5)
  5 adders
  An ooze (D:2)
  An adder zombie (D:5)
  2 dart slugs
  7 leopard geckos
  9 orcs
  3 giant cockroaches
  7 hobgoblins
  7 jackals
  6 quokkas
  3 ball pythons
  6 bats
  8 frilled lizards
  5 goblins
  A jackal skeleton (D:4)
  9 kobolds
  10 rats
107 creatures vanquished.

Notes
Turn   | Place    | Note
-------+----------+-------------------------------------------
     0 | D:1      | Ijustatesigmund the Octopode Fighter began the quest for
                  | the Orb.
     0 | D:1      | Reached XP level 1. HP: 16/16 MP: 1/1
   199 | D:1      | Reached XP level 2. HP: 14/21 MP: 2/2
   274 | D:1      | Reached skill level 3 in Axes
   554 | D:1      | Reached XP level 3. HP: 26/26 MP: 3/3
   963 | D:2      | Reached skill level 4 in Axes
  1225 | D:2      | Reached XP level 4. HP: 26/31 MP: 4/4
  1702 | D:2      | Found a runed translucent door.
  1703 | D:2      | Noticed Crazy Yiuf
  1708 | D:2      | Killed Crazy Yiuf
  1708 | D:2      | Reached skill level 5 in Axes
  1708 | D:2      | Reached XP level 5. HP: 29/36 MP: 5/5
  1778 | D:3      | Found an ancient bone altar of Kikubaaqudgha.
  2405 | D:4      | Reached XP level 6. HP: 28/42 MP: 6/6
  2457 | D:4      | Found a snail-covered altar of Cheibriados.
  2501 | D:4      | Became a worshipper of Cheibriados the Contemplative
  2744 | D:4      | Got a scintillating golden amulet
  2745 | D:4      | Identified the amulet "Hemialealy" {Faith rPois rF+ Str-5}
                  | (You found it on level 4 of the Dungeon)
  2753 | D:4      | Found an iron altar of Okawaru.
  2797 | D:4      | Noticed a phantom
  2810 | D:4      | Reached skill level 1 in Stealth
  2810 | D:4      | Reached skill level 1 in Invocations
  2810 | D:4      | Reached skill level 1 in Evocations
  2813 | D:4      | Killed a phantom
  2813 | D:4      | Reached XP level 7. HP: 25/46 MP: 8/8
  3036 | D:5      | Entered Level 5 of the Dungeon
  3037 | D:5      | Found a runed translucent gate.
  3038 | D:5      | Found a runed translucent gate.
  3066 | D:5      | HP: 2/46 [sky beast (5)]
  3362 | D:5      | Found a staircase to the Ecumenical Temple.
  3405 | D:5      | Found a runed translucent gate.
  3410 | D:5      | Noticed Ijustatesigmund's ghost (amateur OpFi)
  3422 | D:5      | Killed Ijustatesigmund's ghost
  3422 | D:5      | Reached XP level 8. HP: 33/52 MP: 11/11
  3693 | D:5      | Slain by a gnoll

Levels and vault maps discovered:
D:1:      dpeg_cavernosity, layout_basic, serial_co_window_serial,
          co_window_of_opportunity_a, co_window_of_opportunity_a,
          co_window_corner_a, co_window_corner_a, co_window_of_opportunity_a,
          co_window_paths_b, co_window_unsneaky_path_c,
          co_window_unsneaky_path_d, co_window_of_opportunity_b,
          co_window_unsneaky_path_d, glass_columns_b, glass_columns_a,
          glass_columns_b, glass_columns_a
D:2:      layout_rooms, kennysheep_generic_room_8, uniq_crazy_yiuf_cottage
D:3:      layout_basic, kiku_gazebo_pond_becter
D:4:      layout_rooms, cheibriados_altar_1, lemuel_coloured_pillars_altar,
          dk_noncrumbling_3
D:5:      layout_gridville, lemuel_crystal_altar,
          minmay_temple_entry_nine_rooms, first_ration,
          gammafunk_ghost_necromancy

Skill      XL: |  1  2  3  4  5  6  7 |
---------------+----------------------+-----
Axes           | 3 4 5 |  5.5
Stealth        | 2 4 |  4.3
Invocations    | 2 4 |  4.7
Evocations     | 1 3 |  3.1
Fighting       | |  3.5
Dodging        | |  3.5
Shields        | |  3.5

Action                   |  1- 3 |  4- 6 |  7- 9 || total
-------------------------+-------+-------+-------++-------
Melee: War axe           |    66 |    81 |    23 ||   170
       Constrict         |    20 |    24 |     5 ||    49
       Tentacles         |     9 |    19 |     8 ||    36
Evoke: Wand              |       |       |     5 ||     5
  Use: Scroll            |       |    11 |       ||    11
       Potion            |       |     2 |     2 ||     4
 Stab: Sleeping          |     6 |    11 |       ||    17
  Eat: Chunk             |     1 |     5 |     2 ||     8
Armor: Skin              |     4 |     2 |     1 ||     7
Dodge: Dodged            |    26 |    27 |    20 ||    73
Block: Shield            |    29 |    28 |    20 ||    77

Table legend:
 A = Non-vault XP
 B = Vault XP
 C = Vault XP percentage of total XP
 D = Non-vault monster count
 E = Vault monster count
 F = Vault count percentage of total count
                 A         B        C        D         E       F
            +---------+---------+-------+---------+---------+-------
      Total |     895 |     400 |  30.9 |      96 |      11 |  10.3
            +---------+---------+-------+---------+---------+-------
        D:1 |      39 |       6 |  13.3 |      24 |       4 |  14.3
        D:2 |      93 |      42 |  31.1 |      30 |       2 |   6.2
        D:3 |      72 |       0 |   0.0 |      12 |       0 |   0.0
        D:4 |     483 |       0 |   0.0 |      22 |       0 |   0.0
        D:5 |     208 |     352 |  62.9 |       8 |       5 |  38.5
            +---------+---------+-------+---------+---------+-------
